Map: Neon Violet Square LE

Players

CynderQuil - Winner!

  • Race: Zerg Zerg
  • League: Platinum
  • Spawn Location: 5:00

Rafaq

  • Race: Terran Terran
  • Spawn Location: 11:00

VOD

Have the link to the VOD?

Description

It's 25 minutes long, so you may want to x4 or x8 this. But definitely meme it up, or try to enjoy yourself this game.

Time

  • Played on: Dec. 20, 2017, 4:50 p.m.
  • Length: 24:50
Show
View Real Time Build Order
Export as new Build Order

CynderQuil Zerg - Winner!

Build Orders: Hatch First 

Get SALT Encoding   

  12  0:01  Drone  
  13  0:08  Drone  
  14  0:18  Overlord  
  14  0:36  Drone x2  
  14  0:37  Drone  
  17  0:56  Drone, Hatchery  
  17  1:14  Drone x2, Extractor  
  18  1:20  Spawning Pool  
  18  1:23  Drone  
  18  1:31  Drone  
  19  1:46  Overlord  
  19  2:08  Queen x2  
  19  2:10  Zergling x4  
  19  2:11  Zergling x2  
  26  2:15  Drone  
  27  2:23  Drone  
  28  2:31  Drone  
  28  2:32  Drone  
  29  2:51  Drone x3  
  32  3:15  Drone  
  32  3:16  Drone x2  
  32  3:17  Overlord x2  
  35  3:24  Metabolic Boost  
  35  3:27  Hatchery  
  34  3:46  Drone  
  34  3:47  Drone x5  
  34  3:48  Drone  
  41  3:59  Overlord  
  41  4:04  Hatchery  
  40  4:13  Lair  
  40  4:15  Drone x5  
  40  4:16  Drone x2  
  47  4:22  Roach Warren  
  46  4:34  Extractor  
  46  4:35  Drone x2  
  46  4:36  Drone, Extractor  
  47  4:42  Zergling x2  
  47  4:43  Zergling x8  
  52  4:51  Evolution Chamber  
  51  4:59  Spine Crawler  
  50  5:03  Spore Crawler  
  50  5:05  Roach x5  
  50  5:06  Roach x3  
  61  5:22  Glial Reconstitution  
  61  5:26  Drone  
  61  5:27  Drone x2  
  64  5:36  Zerg Ground Armor Level 1  
  64  5:40  Queen  
  64  5:41  Overlord x3  
  66  5:45  Queen  
  68  5:51  Drone  
  68  5:52  Drone x2  
  68  5:57  Overlord x3  
  71  6:10  Drone x2  
  71  6:11  Drone x5  
  75  6:12  Drone x4  
  82  6:26  Infestation Pit  
  82  6:27  Extractor  
  82  6:29  Extractor  
  79  6:38  Roach x4  
  79  6:39  Roach x6  
  97  6:41  Overlord  
  97  6:59  Drone  
  97  7:00  Drone x2  
  100  7:18  Drone x5  
  100  7:19  Drone x6  
  100  7:20  Drone x2  
  113  7:26  Overlord x4  
  113  7:29  Hive  
  113  7:36  Zerg Ground Armor Level 2  
  113  7:42  Extractor  
  112  7:44  Drone x3, Extractor  
  112  7:45  Drone x4  
  112  7:48  Queen  
  112  7:50  Overlord x3  
  120  8:21  Spore Crawler  
  120  8:23  Spore Crawler  
  120  8:27  Spore Crawler  
  95  9:16  Drone x5  
  95  9:17  Drone x7  
  102  9:18  Drone, Queen  
  110  9:24  Extractor  
  110  9:26  Ultralisk Cavern  
  108  9:56  Overlord x2  
  108  9:57  Overlord x3  
  108  10:16  Spine Crawler  
  108  10:19  Spine Crawler  
  106  10:22  Spine Crawler  
  106  10:24  Spine Crawler  
  106  10:26  Ultralisk x2  
  106  10:27  Ultralisk x6  
  106  10:28  Ultralisk x7  
  188  10:29  Ultralisk  
  188  10:35  Chitinous Plating  
  200  10:48  Zerg Ground Armor Level 3  
  200  10:52  Hatchery  
  200  10:56  Extractor  
  198  11:03  Extractor  
  197  11:04  Spore Crawler  
  196  11:12  Evolution Chamber  
  195  11:23  Zergling x10  
  200  11:41  Evolution Chamber  
  200  11:44  Evolution Chamber  
  198  12:00  Zergling x4  
  195  12:22  Zergling x6  
  190  12:23  Zergling x14  
  190  12:24  Zergling x6  
  200  12:38  Spire  
  196  13:10  Zerg Melee Weapons Level 1, Zerg Missile Weapons Level 1  
  191  13:29  Hatchery  
  182  13:51  Mutalisk x6  
  182  13:52  Mutalisk x3, Hatchery  
  199  14:00  Hatchery  
  199  14:02  Zerg Flyer Weapons Level 1  
  193  14:45  Mutalisk x5  
  185  14:46  Mutalisk x3  
  199  14:56  Zergling x2  
  200  15:26  Extractor  
  199  15:28  Mutalisk x2  
  199  15:34  Extractor  
  166  15:38  Mutalisk x3  
  166  15:39  Mutalisk x7  
  166  15:40  Mutalisk x6  
  147  15:43  Zergling x2  
  147  15:44  Zergling x12  
  147  15:45  Zergling x2  
  127  15:51  Zergling x2, Mutalisk x2  
  127  15:52  Mutalisk x3  
  133  16:06  Zergling x6  
  133  16:07  Zergling x12  
  126  16:20  Zergling x4  
  126  16:21  Zergling x10  
  122  16:36  Mutalisk  
  122  16:37  Mutalisk x6  
  122  16:38  Mutalisk x5  
  139  16:44  Mutalisk  
  139  16:45  Mutalisk x3  
  139  17:09  Zergling x12  
  139  17:10  Zergling x14  
  139  17:11  Zergling x2  
  139  17:13  Adrenal Glands  
  139  17:15  Zerg Missile Weapons Level 2, Zerg Melee Weapons Level 2  
  153  17:34  Zerg Flyer Weapons Level 2  
  144  18:04  Queen  
  144  18:05  Hydralisk Den  
  145  18:46  Lurker Den  
  145  18:48  Zergling x8  
  146  18:49  Zergling x6  
  151  19:23  Ultralisk x4  
  151  19:24  Ultralisk x2  
  187  19:25  Zergling x14  
  187  19:26  Zergling x10  
  199  19:37  Baneling Nest  
  92  20:28  Ultralisk x4  
  78  20:29  Ultralisk x6  
  78  20:30  Ultralisk x3  
  78  20:34  Zergling x2  
  78  20:35  Zergling x12  
  111  21:29  Zergling x4  
  111  21:30  Zergling x14  
  111  21:31  Zergling x6  
  123  21:48  Zergling x8  
  127  22:05  Zergling x4  
  127  22:06  Zergling x12  
  118  22:24  Ultralisk  
  114  23:08  Zergling x6  
  114  23:09  Zergling x12  
  114  23:10  Zergling x4  
  125  23:47  Zergling x2  
  125  23:48  Zergling x14  
  131  23:49  Zergling x6  
Show
View Real Time Build Order
Export as new Build Order

Rafaq Terran 

Build Orders: Bio Tank 

Get SALT Encoding   

  12  0:00  SCV  
  13  0:13  SCV  
  14  0:18  Supply Depot  
  14  0:25  SCV  
  15  0:31  Refinery  
  15  0:40  SCV  
  16  0:50  Barracks  
  16  0:52  SCV  
  17  1:04  SCV  
  18  1:16  SCV  
  19  1:28  SCV  
  20  1:37  Reaper  
  21  1:41  Orbital Command  
  21  1:49  Command Center  
  21  2:00  Factory  
  21  2:07  Supply Depot  
  21  2:10  SCV  
  21  2:15  Barracks Reactor  
  23  2:22  SCV  
  23  2:25  Refinery  
  23  2:35  SCV  
  24  2:50  SCV  
  25  3:00  Barracks Reactor  
  25  3:02  Orbital Command  
  25  3:04  SCV  
  26  3:06  Hellion x2  
  30  3:19  Starport  
  30  3:26  Barracks Reactor  
  30  3:27  SCV, Hellion, Widow Mine  
  30  3:29  SCV  
  36  3:39  SCV, Supply Depot  
  37  3:41  Supply Depot  
  37  3:47  SCV  
  38  3:48  Hellion  
  38  3:51  SCV, Hellion  
  43  3:59  SCV  
  44  4:10  Barracks  
  44  4:11  SCV x2  
  44  4:13  Refinery, Barracks Reactor  
  44  4:15  Hellion x2  
  44  4:16  Medivac  
  52  4:33  Medivac  
  52  4:34  SCV x2  
  56  4:42  Supply Depot  
  56  4:49  Medivac  
  56  4:50  Marine x2  
  60  4:55  Refinery  
  60  4:57  SCV x2  
  60  4:59  Command Center  
  62  5:04  Barracks Tech Lab  
  62  5:20  Marine  
  62  5:21  Marine, Medivac x2  
  56  5:25  SCV x2  
  56  5:29  Marine  
  56  5:30  Stimpack  
  57  5:37  SCV  
  57  5:38  Supply Depot, Marine  
  57  5:40  Marine  
  60  5:42  Supply Depot, Factory Tech Lab  
  60  5:47  Marine  
  61  5:54  SCV  
  61  5:55  Barracks  
  61  5:56  Marine, Engineering Bay x2  
  63  5:57  SCV  
  63  5:58  Marine  
  65  6:12  SCV x2  
  65  6:18  Marine x3  
  70  6:19  Siege Tank, Medivac  
  70  6:24  SCV  
  76  6:26  Terran Infantry Weapons Level 1  
  76  6:29  Terran Infantry Armor Level 1  
  76  6:39  Marine x3  
  79  6:41  Marine  
  79  6:42  Marine  
  79  6:46  Supply Depot  
  79  6:51  Orbital Command  
  77  6:56  SCV x2, Marine x2  
  77  6:58  Marine  
  82  7:02  Medivac x2  
  82  7:06  Marine x2  
  82  7:08  SCV  
  89  7:13  Supply Depot x2  
  89  7:14  SCV, Marine x2  
  89  7:15  Siege Tank  
  95  7:20  SCV, Armory  
  95  7:21  SCV  
  97  7:26  SCV, Marine x2  
  97  7:27  Marine, Refinery  
  101  7:31  Combat Shields  
  101  7:32  SCV  
  101  7:33  SCV  
  101  7:34  Factory  
  103  7:38  SCV  
  103  7:41  Sensor Tower  
  104  7:44  SCV  
  104  7:45  Marine x3  
  104  7:46  Marauder  
  110  7:58  SCV x3, Refinery, Marine  
  114  8:07  Command Center  
  114  8:10  SCV  
  115  8:19  SCV x2  
  117  8:20  Marine x4  
  117  8:21  Marauder  
  117  8:22  SCV, Factory Tech Lab  
  117  8:24  Terran Infantry Weapons Level 2, Terran Infantry Armor Level 2  
  124  8:27  Terran Vehicle Weapons Level 1  
  124  8:28  Barracks  
  124  8:31  SCV  
  125  8:42  Marine  
  125  8:43  SCV  
  115  9:00  Marine x3  
  115  9:01  Marine  
  115  9:02  Marine  
  112  9:03  Siege Tank x2, Medivac  
  112  9:04  Medivac  
  112  9:07  SCV x2  
  112  9:08  SCV  
  123  9:16  Barracks Reactor  
  123  9:18  Marine x2  
  123  9:23  Barracks  
  125  9:26  Marine x2, Barracks  
  125  9:29  Marauder  
  129  9:37  Sensor Tower  
  129  9:54  Orbital Command  
  129  9:58  Marine x4  
  129  9:59  Siege Tank, Marauder  
  138  10:05  Factory  
  138  10:10  Marine  
  138  10:11  Supply Depot  
  138  10:13  Supply Depot  
  139  10:17  Supply Depot  
  139  10:18  Siege Tank, Medivac x2  
  139  10:19  Supply Depot, Marine x3  
  139  10:20  Supply Depot, Marauder  
  151  10:26  SCV x3  
  151  10:27  Sensor Tower  
  154  10:31  SCV, Marine  
  158  10:37  Barracks Tech Lab, Barracks Reactor  
  158  10:38  SCV  
  158  10:40  Concussive Shells  
  158  10:42  Marine x3  
  157  10:45  Marauder  
  157  10:46  Siege Tank  
  165  10:57  Marauder  
  165  10:59  Siege Tank, Factory Tech Lab  
  165  11:02  Medivac  
  165  11:03  Marine x4, Medivac  
  178  11:07  Marauder  
  180  11:16  Supply Depot  
  180  11:18  Supply Depot, Terran Infantry Weapons Level 3  
  180  11:19  Terran Vehicle Weapons Level 2  
  180  11:33  Marine x4  
  180  11:34  Marine, Marauder x2  
  180  11:35  Siege Tank  
  192  11:43  Marine  
  192  11:44  Siege Tank  
  192  11:45  Siege Tank  
  199  11:51  Marine  
  193  12:26  Siege Tank x2  
  199  12:36  Marine  
  200  13:15  Orbital Command  
  193  13:27  Marine  
  193  13:28  Marine x2, Marauder x2  
  196  14:08  Marine x2  
  196  14:09  Marine x2, Command Center  
  200  14:29  Terran Infantry Armor Level 3  
  200  14:30  Terran Vehicle Weapons Level 3  
  200  14:33  Armory  
  184  15:03  Siege Tank x2  
  184  15:04  Siege Tank  
  193  15:35  Siege Tank  
  195  15:42  Marine x6  
  173  15:43  Marauder x2  
  173  15:44  Siege Tank x2  
  166  15:59  Marine x2  
  169  16:04  Marauder x2  
  169  16:10  Marine x2  
  169  16:11  Marine x2  
  172  16:12  Siege Tank  
  172  16:17  Marine x2  
  163  16:25  Marauder  
  163  16:26  Marauder  
  163  16:27  Command Center  
  163  16:29  Marine x3  
  163  16:31  Marine  
  159  16:36  Marine x2  
  159  16:38  Thor  
  159  16:39  Thor  
  166  16:46  Marine x2  
  163  16:47  Marine x3  
  152  16:57  Barracks  
  152  16:59  Barracks  
  152  17:00  Barracks  
  146  17:02  Barracks x2  
  146  17:03  Barracks x2  
  146  17:04  Barracks  
  146  17:07  Marine  
  146  17:08  Marine x6  
  128  17:09  Marauder  
  128  17:10  Barracks  
  132  17:31  Terran Vehicle And Ship Armor Level 1  
  132  17:32  Terran Ship Weapons Level 1, Neosteel Frame  
  132  17:37  Refinery  
  132  17:39  Refinery  
  123  17:44  Marine x2  
  123  17:45  Marine x4  
  123  17:51  Barracks Reactor x3  
  129  17:53  Barracks Reactor  
  129  17:54  Barracks Reactor x2  
  128  18:04  Marine x5  
  128  18:05  Marine  
  134  18:10  Planetary Fortress  
  134  18:12  Refinery  
  134  18:13  Refinery  
  134  18:19  Orbital Command  
  134  18:26  Marine  
  134  18:27  Marine x8, Marauder  
  135  18:28  Marine x4, Marauder  
  135  18:29  Siege Tank x2  
  135  18:30  Siege Tank  
  135  18:31  Marine x4  
  135  18:32  Medivac x2  
  168  18:39  Command Center  
  168  18:49  Marauder x2  
  172  19:17  SCV x4  
  172  19:18  SCV  
  172  19:19  Marine x5  
  172  19:20  Marine x5  
  187  19:27  Marine  
  187  19:29  SCV x3, Terran Ship Weapons Level 2, Terran Vehicle And Ship Armor Level 2  
  191  19:37  Sensor Tower  
  191  19:38  Refinery  
  191  19:39  Refinery  
  190  20:19  Marine x5  
  190  20:20  Marine x3  
  190  20:21  Marine x2  
  155  20:22  Marine x5  
  124  20:31  Marine x3  
  124  20:32  Marine, Siege Tank x2  
  124  20:33  Siege Tank, Medivac x2  
  124  20:35  Marauder x2  
  144  21:06  Marine  
  144  21:07  Marine x8  
  144  21:08  Siege Tank, Marauder x2  
  144  21:09  Siege Tank  
  134  21:27  Marine x5  
  134  21:28  Marine x5  
  134  21:29  Siege Tank, Marauder x2  
  141  21:40  Siege Tank  
  141  21:41  Marine x6, Widow Mine  
  141  21:44  Marine  
  141  21:45  Marine x2  
  116  21:49  Marine x2  
  116  21:50  Marauder x2  
  113  21:58  Marine  
  92  22:12  Marauder  
  89  22:18  Marine x2  
  89  22:19  Marine x4  
  88  22:29  Orbital Command  
  58  23:03  Factory  
  58  23:04  Factory x2  
  58  23:05  Factory  
  58  23:06  Factory  
  58  23:08  Factory x2  
  58  23:09  Factory  
  58  23:10  Factory x2  
  58  23:14  Factory  
  58  23:41  Refinery x2  
  58  23:48  Factory Tech Lab x2  
  49  23:49  Factory Tech Lab  
  49  23:50  Factory Tech Lab  
  49  23:51  Factory Tech Lab x2  
  49  23:52  Factory Tech Lab  
  49  23:53  Orbital Command, Factory Tech Lab  
  44  23:57  Factory Tech Lab  
  44  24:00  Factory Tech Lab x2  
  44  24:20  Supply Depot  
  44  24:23  Supply Depot x4  
Tags
 
Composition
Bio Tank
League
Platinum
Matchup
TvZ
Spawn Locations
Cross Positions
Add a new tag
Caveats
  • Supply blocks, unpowered buildings, or Contaminate may cause inaccurate times.
  • Supply counts are checked every 10 seconds.